 Dungeon Sprint DCSS version 0.29-a0-512-gf59ac788ac (webtiles) character file.

Game seed: 4051634432185309058

3518 mhtbhm the Severer (level 9, -7/100 HPs)
             Began as a Minotaur Berserker on May 29, 2022.
             Was a High Priest of Trog.
             Mangled by a boulder beetle (15 damage)
             ... in the Dungeon (Sprint IX: "|||||||||||||||||||||||||||||").
             The game lasted 00:01:19 (597 turns).

mhtbhm the Severer (Minotaur Berserker)              Turns: 597, Time: 00:01:20

Health: -7/100     AC:  7    Str: 32    XL:     9   Next: 81%
Magic:  8/8        EV: 15    Int:  4    God:    Trog [*****.]
Gold:   0          SH:  0    Dex: 10    Spells: 8/8 levels left

rFire   . . .      SeeInvis .   a - +0 hand axe
rCold   . . .      Faith    .   (no shield)
rNeg    . . .      Spirit   .   b - +0 troll leather armour
rPois   .          Reflect  .   (helmet restricted)
rElec   .          Harm     .   (no cloak)
rCorr   .          Rampage  .   (no gloves)
Will    .....      NoTele   +   k - +0 pair of boots
Stlth   ++........              (no amulet)
HPRegen 1.06/turn               l - +3 ring of strength
MPRegen 0.11/turn               m - +3 ring of strength

@: on berserk cooldown, slowed, invisible, very slow
A: horns 2, retaliatory headbutt
a: Renounce Religion, Berserk, Trog's Hand, Brothers in Arms


You were in the Dungeon.
You worshipped Trog.
Trog was extremely pleased with you.
You visited 1 branch

Inventory:

Hand Weapons
 a - a +0 hand axe (weapon)
Armour
 b - a +0 troll leather armour (worn)
 k - a +0 pair of boots (worn)
Jewellery
 l - a +3 ring of strength (left hand)
 m - a +3 ring of strength (right hand)
Wands
 j - a wand of acid (10)
Scrolls
 h - 2 scrolls of blinking
Potions
 c - 5 potions of curing
 e - a potion of haste
 f - 4 potions of magic
 g - a potion of berserk rage


   Skills:
 + Level 15.8 Fighting
 + Level 17.1 Axes
 + Level 9.9 Armour
 + Level 10.0 Dodging
 + Level 2.5 Stealth


You had 8 spell levels left.
You didn't know any spells.
Your spell library was empty.

Dungeon Overview and Level Annotations

Branches:
Dungeon (1/1)

Altars:
Cheibriados
Dithmenos
Elyvilon
Fedhas
Gozag
Hepliaklqana
Kikubaaqudgha
Makhleb
Nemelex Xobeh
Okawaru
Qazlal
Ru
Sif Muna
Trog
Uskayaw
Vehumet
Wu Jian
Xom
Yredelemnul
Zin
The Shining One
Beogh
Jiyva
Lugonu


Innate Abilities, Weirdness & Mutations

You have a pair of horns on your head.
You reflexively headbutt those who attack you in melee.


Message History

Your Dodging skill increases to level 10!
Unknown command.
Unknown command.
Okay, then.
You hit the boulder beetle but do no damage.
The boulder beetle barely misses you.
Okay, then.
You barely miss the boulder beetle.
The boulder beetle bites you but does no damage.
You hit the boulder beetle but do no damage.
You headbutt the boulder beetle.
The boulder beetle is lightly wounded.
The boulder beetle bites you.
* * * LOW HITPOINT WARNING * * *
Unknown command.
You hit the boulder beetle but do no damage.
The boulder beetle is lightly wounded.
The boulder beetle bites you but does no damage.
Unknown command.
You feel much better. The boulder beetle bites you!!
* * * LOW HITPOINT WARNING * * *
You hit the boulder beetle but do no damage.
You headbutt the boulder beetle!
The boulder beetle is lightly wounded.
The boulder beetle misses you. You furiously retaliate!
You headbutt the boulder beetle, but do no damage.
You hit the boulder beetle but do no damage.
You punch the boulder beetle.
The boulder beetle is moderately wounded.
The boulder beetle closely misses you.
You hit the boulder beetle.
The boulder beetle is moderately wounded.
The boulder beetle bites you!!
* * * LOW HITPOINT WARNING * * *
Blink to where?
Press: ? - help, Dir - move target
Okay, then.
You fade into invisibility!
The boulder beetle bites you!
You die... ▓▓▓▓▓▓▓▓▓▓▓▓▓▓▓▓▓▓▓▓▓▓ +...)@B)...[÷.'...[..) ▓▓▓▓▓▓▓▓▓▓▓▓▓▓▓▓▓▓▓▓▓▓

You could see a boulder beetle (can't see you).

Vanquished Creatures
  A centaur warrior (D)
  2 two-headed ogres (D)
  An ugly thing (D)
  A cyclops (D)
  A troll (D)
  A hornet (D)
  3 wraiths (D)
  A centaur (D)
  A necrophage (D)
  An iguana (D)
  An adder (D)
  An ufetubus (D)
  An orc (D)
  An endoplasm (D)
  A hobgoblin (D)
  2 quokkas (D)
  A frilled lizard (D)
21 creatures vanquished.

Notes
Turn   | Place    | Note
-------+----------+-------------------------------------------
     0 | D        | mhtbhm the Minotaur Berserker began the quest for the Orb.
     0 | D        | Reached XP level 1. HP: 19/19 MP: 0/0
     6 | D        | Reached skill level 4 in Axes
     7 | D        | Reached ** piety under Trog
    13 | D        | Banished a spatial maelstrom
    35 | D        | Noticed an iguana
    35 | D        | Noticed a necrophage
    39 | D        | Reached skill level 5 in Axes
    39 | D        | Reached XP level 2. HP: 28/28 MP: 1/1
    42 | D        | Reached *** piety under Trog
    43 | D        | Reached skill level 5 in Fighting
    49 | D        | Killed a necrophage
    50 | D        | Reached skill level 7 in Axes
    50 | D        | Reached XP level 3. HP: 29/39 MP: 2/2
    50 | D        | Reached XP level 4. HP: 35/47 MP: 3/3
   178 | D        | Found a snail-covered altar of Cheibriados.
   178 | D        | Found a shadowy altar of Dithmenos.
   178 | D        | Found a white marble altar of Elyvilon.
   178 | D        | Found a blossoming altar of Fedhas.
   178 | D        | Found an opulent altar of Gozag.
   179 | D        | Found a hazy altar of Hepliaklqana.
   180 | D        | Found a viscous altar of Jiyva.
   181 | D        | Found an ancient bone altar of Kikubaaqudgha.
   182 | D        | Found a corrupted altar of Lugonu.
   183 | D        | Found a burning altar of Makhleb.
   184 | D        | Found a sparkling altar of Nemelex Xobeh.
   185 | D        | Found an iron altar of Okawaru.
   186 | D        | Found a stormy altar of Qazlal.
   187 | D        | Found a sacrificial altar of Ru.
   188 | D        | Found a shimmering blue altar of Sif Muna.
   189 | D        | Found a bloodstained altar of Trog.
   190 | D        | Found a hide-covered altar of Uskayaw.
   191 | D        | Found a radiant altar of Vehumet.
   192 | D        | Found an ornate altar of the Wu Jian Council.
   193 | D        | Found a shimmering altar of Xom.
   194 | D        | Found a basalt altar of Yredelemnul.
   195 | D        | Found a glowing silver altar of Zin.
   196 | D        | Found a glowing golden altar of the Shining One.
   312 | D        | Noticed a centaur
   312 | D        | Noticed a two-headed ogre
   312 | D        | Noticed a troll
   312 | D        | Noticed a wraith
   312 | D        | Noticed a hornet
   312 | D        | Noticed a wraith
   318 | D        | Killed a wraith
   318 | D        | Reached **** piety under Trog
   319 | D        | Reached skill level 10 in Axes
   319 | D        | Reached skill level 5 in Armour
   319 | D        | Reached skill level 5 in Dodging
   319 | D        | Reached XP level 5. HP: 57/57 MP: 4/4
   323 | D        | Killed a hornet
   324 | D        | Reached skill level 10 in Fighting
   324 | D        | Reached skill level 11 in Axes
   324 | D        | Reached skill level 1 in Stealth
   324 | D        | Reached XP level 6. HP: 67/67 MP: 5/5
   327 | D        | Killed a wraith
   328 | D        | Reached skill level 12 in Axes
   328 | D        | Reached XP level 7. HP: 74/74 MP: 6/6
   331 | D        | Killed a troll
   340 | D        | Killed a two-headed ogre
   341 | D        | Reached skill level 14 in Axes
   341 | D        | Reached XP level 8. HP: 42/86 MP: 7/7
   343 | D        | Reached ***** piety under Trog
   557 | D        | Noticed a centaur warrior
   557 | D        | Noticed a boulder beetle
   557 | D        | Noticed a white ugly thing
   557 | D        | Noticed a cyclops
   557 | D        | Noticed a two-headed ogre
   561 | D        | Killed a two-headed ogre
   562 | D        | Reached skill level 15 in Axes
   562 | D        | Reached XP level 9. HP: 93/96 MP: 8/8
   565 | D        | Killed a cyclops
   570 | D        | Killed a white ugly thing
   571 | D        | Reached skill level 15 in Fighting
   571 | D        | Reached skill level 16 in Axes
   588 | D        | Killed a centaur warrior
   589 | D        | Reached skill level 17 in Axes
   589 | D        | Reached skill level 10 in Dodging
   597 | D        | Mangled by a boulder beetle

Illustrated notes

Levels and vault maps discovered:
D:        linesprint [early_d, line_temple, items_1, d_10, items_2, lair_1,
          lair_end, items_3, orc_1, orc_end, items_4, d_15, swamp_1, shoals_1,
          snake_1, spider_1, d_20, vaults_1, items_5, swamp_end, shoals_end,
          snake_end, spider_end, vaults_end, d_27, items_6, zot_1, zot_end,
          crypt_end, forest_end, elf_end, slime_end, tomb_end, abyss_end,
          pan_hell_end]

Skill      XL: |  1  2  3  4  5  6  7  8  9 |
---------------+----------------------------+-----
Fighting       | 4 7 9 10 11 13 14 15 | 15.8
Axes           | 5 7 10 11 12 14 15 17 | 17.1
Armour         | 3 5 6 8 9 |  9.9
Dodging        | 3 5 6 8 10 | 10.0
Stealth        | 1 2 |  2.5

Action                   |  1- 3 |  4- 6 |  7- 9 || total
-------------------------+-------+-------+-------++-------
Melee: Hand axe          |    20 |    19 |    46 ||    85
       Headbutt          |     1 |     4 |    10 ||    15
       Punch             |       |       |     1 ||     1
Invok: Berserk           |     1 |     1 |     1 ||     3
  Use: Potion            |       |       |     4 ||     4
Armor: Animal skin       |     2 |       |       ||     2
       Plate armour      |       |     3 |     5 ||     8
       Troll leather arm |       |       |     8 ||     8
Dodge: Dodged            |     9 |     8 |    25 ||    42

Table legend: (Time is in decaauts)
 A = Elapsed time spent in this place.
 B = Non-inter-level travel time spent in this place.
 C = Inter-level travel time spent in this place.
 D = Time resting spent in this place.
 E = Time spent auto-exploring this place.
 F = Levels seen in this place.
 G = Mean time per level.
                   A        B        C        D        E       F      G
               +--------+--------+--------+--------+--------+-----+--------+
         Total |    590 |    590 |      0 |    409 |      0 |   1 |  590.0 |
       Dungeon |    590 |    590 |      0 |    409 |      0 |   1 |  590.0 |
               +--------+--------+--------+--------+--------+-----+--------+

Top non-repeatable levels by time:
       D: 590 daAuts
